 Dungeon Crawl Stone Soup version 0.18.1-8-gdd0e5ea (webtiles) character file.

165 Hipnos the Digger (level 5, -2/29 HPs)
             Began as a Gargoyle Earth Elementalist on May 30, 2016.
             Shot with an arrow by a centaur (8 damage)
             ... on level 4 of the Dungeon.
             The game lasted 00:11:21 (3827 turns).

Hipnos the Digger (Gargoyle Earth Elementalist)     Turns: 3827, Time: 00:11:22

Health: -2/29      AC:  9    Str: 11    XL:     5   Next: 46%
Magic:  9/9        EV: 10    Int: 17    God:
Gold:   168        SH:  0    Dex: 10    Spells: 3 memorised, 3 levels left

rFire  . . .     SeeInvis .     k - +2 whip (freeze)
rCold  . . .     Gourm    .     m - +0 ring mail
rNeg   + + .     Faith    .     (no shield)
rPois  ∞         Spirit   .     (no helmet)
rElec  +         Dismiss  .     (no cloak)
rCorr  .         Reflect  .     (no gloves)
SustAt .         Harm     .     (no boots)
MR     .....                    (no amulet)
Stlth  +.........               (no ring)
                                p - ring of positive energy

@: not resistant to hostile enchantments, very unstealthy
A: negative energy resistance 1, electricity resistance, unbreathing,
petrification resistance, rot immunity, AC +4
a: no special abilities


You were on level 4 of the Dungeon.
You were not hungry.

You visited 1 branch of the dungeon, and saw 4 of its levels.

You collected 168 gold pieces.

Inventory:

Hand Weapons
 h - a +0 whip
 k - a +2 whip of freezing (weapon)
Missiles
 b - 58 stones (quivered)
Armour
 a - a +0 robe
 m - a +0 ring mail (worn)
Jewellery
 p - a ring of positive energy (left hand)
Scrolls
 g - a scroll of teleportation
 i - a scroll of random uselessness
 l - 2 scrolls of amnesia
 n - a scroll of remove curse
 o - a scroll of fog
 r - a scroll of enchant weapon {unknown}
 s - a scroll of identify {unknown}
 x - a scroll of immolation {unknown}
Potions
 e - 2 potions of haste {unknown}
 f - 2 potions of curing {unknown}
 j - a potion of cancellation {unknown}
 q - a potion of flight {unknown}
 w - 2 potions of heal wounds {unknown}
Books
 c - a book of Geomancy

   Spells                             Type                      Level
   a - Sandblast                      Earth                        1
   b - Passwall                       Transmutation/Earth          2
   c - Stone Arrow                    Conjuration/Earth            3
   d - Petrify                        Transmutation/Earth          4
   e - Lee's Rapid Deconstruction     Earth                        5
Comestibles
 d - 4 bread rations
 t - 2 meat rations
 u - a chunk of flesh
 v - a slice of pizza


   Skills:
 + Level 1.5 Fighting
 + Level 0.8 Maces & Flails
 + Level 2.0 Armour
 + Level 2.3 Dodging
 - Level 2.1 Stealth
 + Level 2.7 Spellcasting
 + Level 0.7 Transmutations
 + Level 4.9 Earth Magic


You had 3 spell levels left.
You knew the following spells:

 Your Spells              Type           Power        Failure   Level  Hunger
a - Sandblast             Erth           ###...       8%          1    #......
b - Passwall              Trmt/Erth      ##........   21%         2    ##.....
c - Stone Arrow           Conj/Erth      ##....       50%         3    ###....


Dungeon Overview and Level Annotations

Branches:
Dungeon (4/15)
 Temple: D:4-7

Altars:
Dithmenos
Fedhas
Kikubaaqudgha

Annotations:
D:4 Pikel


Innate Abilities, Weirdness & Mutations

You are resistant to torment.
Your stone body is resilient (AC +4).
You are immune to poison.
You resist negative energy.
You are resistant to electric shocks.
You can survive without breathing.
You are immune to petrification.
You are immune to rotting.


Message History

The centaur shoots an arrow.
The arrow hits you!
You see here an arrow.
Pikel shouts!
The centaur shoots an arrow.
The arrow hits you.
You see here an arrow.
The centaur shoots an arrow.
The arrow closely misses you.
You see here an arrow.
The centaur shoots an arrow.
The arrow hits you.
You hear a shout!
You see here an arrow.
The centaur shoots an arrow.
The arrow hits you.
* * * LOW HITPOINT WARNING * * *
You hear a shout!
A gnoll comes into view. It is wielding a spear.
You see here an arrow.
Read which item? (? for menu, Esc to quit)
As you read the scroll labeled KEOTRUOQOM, it crumbles to dust.
The scroll dissolves into smoke.
It was a scroll of fog.
The centaur shoots an arrow.
The arrow hits you!
You die...

#######'#######+#######
#........# #........#
#.K.((...# #........#
+# # ##(##...## ..####
##.##(##...## .....#
#...§§......g .....#
#...§@§g...... .....#
#...§§§........ .....#
#.......c...... ....<#
#.....>...... ...(.#
#.....####### ##...#
#......# .#+#.#
######## P#...# P#...#


You could see Pikel, a centaur and 2 gnolls.

Vanquished Creatures
  A hound (D:4)
  An orc priest (D:3)
  2 adders
  An ooze (D:2)
  2 worms (D:2)
  2 dart slugs
  4 orcs
  A ball python (D:2)
  A giant cockroach (D:1)
  9 goblins
  5 hobgoblins
  2 jackals (D:1)
  12 kobolds
  2 quokkas
  10 bats
  4 giant newts
  9 rats
68 creatures vanquished.

Notes
Turn   | Place    | Note
--------------------------------------------------------------
     0 | D:1      | Hipnos the Gargoyle Earth Elementalist began the quest for the Orb.
     0 | D:1      | Reached XP level 1. HP: 10/10 MP: 3/3
   106 | D:1      | Reached skill level 4 in Earth Magic
   185 | D:1      | Reached XP level 2. HP: 15/15 MP: 3/5
   803 | D:1      | Reached XP level 3. HP: 19/19 MP: 6/6
  1438 | D:2      | Reached XP level 4. HP: 20/24 MP: 7/7
  2561 | D:3      | Found a shadowy altar of Dithmenos.
  2669 | D:3      | Reached skill level 1 in Armour
  2689 | D:3      | Reached skill level 1 in Fighting
  2689 | D:3      | Reached XP level 5. HP: 19/29 MP: 9/9
  2844 | D:3      | Learned a level 2 spell: Passwall
  2848 | D:3      | Learned a level 3 spell: Stone Arrow
  3059 | D:4      | Found an ancient bone altar of Kikubaaqudgha.
  3061 | D:4      | Found a blossoming altar of Fedhas.
  3177 | D:4      | Noticed a slave
  3179 | D:4      | Noticed Pikel
  3179 | D:4      | Noticed a slave
  3818 | D:4      | Noticed a centaur
  3827 | D:4      | Shot with an arrow by a centaur

Skill      XL: |  1  2  3  4  5 |
---------------+----------------+-----
Earth Magic    | 4 |  4.9
Dodging        | 2 |  2.3
Armour         | 1 2 |  2.0
Fighting       | 1 |  1.5
Maces & Flails | |  0.8
Stealth        | |  2.1
Spellcasting   | |  2.7
Transmutations | |  0.7

Action                   |  1- 3 |  4- 6 || total
-------------------------+-------+-------++-------
Melee: Whip              |    65 |    84 ||   149
 Cast: Sandblast         |    23 |     2 ||    25
       Stone Arrow       |       |     1 ||     1
  Use: Scroll            |       |     5 ||     5
 Stab: Sleeping          |     1 |     3 ||     4
  Eat: Chunk             |     2 |     8 ||    10
Armor: Robe              |    11 |       ||    11
       Ring mail         |    28 |    43 ||    71
Dodge: Dodged            |    76 |    74 ||   150
